 Dungeon Crawl Stone Soup version 0.30-a0-643-g638baaf3f0 (webtiles) character file.

Game seed: 6583560426875429035

58 funkygono the Firebug (level 3, -1/24 HPs)
             Began as a Demonspawn Fire Elementalist on Jan 16, 2023.
             Slain by a goblin
             ... wielding a +0 dagger
             ... led by Robin
              (4 damage)
             ... on level 3 of the Dungeon.
             The game lasted 00:02:57 (2067 turns).

funkygono the Firebug (DsFE)                        Turns: 2067, Time: 00:02:58

Health: -1/24      AC:  2    Str:  8    XL:     3   Next: 75%
Magic:  6/6        EV: 12    Int: 18    God:
Gold:   57         SH:  0    Dex: 13    Spells: 3/6 levels left

rFire   . . .      SeeInvis .    k - +0 mace
rCold   . . .      Faith    .    (no shield)
rNeg    . . .      Spirit   .    a - +0 robe
rPois   .          Reflect  .    (no helmet)
rElec   .          Harm     .    (no cloak)
rCorr   .          Rampage  .    (no gloves)
Will    .....                    (no boots)
Stlth   ++                       (no amulet)
HPRegen 0.24/turn                (no ring)
MPRegen 0.10/turn                (no ring)

@: no status effects
A: hooves 1, ignite blood 1
a: no special abilities


You were on level 3 of the Dungeon.
You visited 1 branch of the dungeon, and saw 3 of its levels.

You collected 57 gold pieces.

Inventory:

Hand Weapons
 c - a +0 short sword
 k - a +0 mace (weapon)
 n - a +2 dagger of venom
Armour
 a - a +0 robe (worn)
Jewellery
 o - an amulet of faith
Scrolls
 e - 4 scrolls of teleportation {unknown}
 f - a scroll of enchant weapon {unknown}
 g - 3 scrolls of identify {unknown}
 j - 2 scrolls of summoning {unknown}
 m - a scroll of enchant armour {unknown}
Potions
 b - a potion of magic
 d - 2 potions of flight {unknown}
 h - 3 potions of curing {unknown}
 i - a potion of attraction {unknown}
 l - a potion of mutation {unknown}
 p - 3 potions of degeneration {unknown}


   Skills:
 + Level 0.1 Fighting
 + Level 2.0 Dodging
 - Level 1.7 Stealth
 + Level 2.3 Spellcasting
 + Level 1.7 Conjurations
 + Level 3.6 Fire Magic


You had 3 spell levels left.
You knew the following spells:

 Your Spells              Type           Power      Damage    Failure   Level
a - Foxfire               Conj/Fire      44%        2x1d6     6%          1
b - Scorch                Fire           30%        2d7       6%          2

Your spell library contained the following spells:

 Spells                   Type           Power      Damage    Failure   Level
 Summon Small Mammal      Summ           8%         N/A       17%         1
 Inner Flame              Hex/Fire       8%         N/A       24%         3
 Kindle Blastsparks       Fire/Tloc/Air  12%        2d11      32%         3
 Mephitic Cloud           Conj/Pois/Air  4%         N/A       38%         3
 Call Canine Familiar     Summ           2%         N/A       45%         3
 Summon Guardian Golem    Hex/Summ       2%         N/A       45%         3
 Swiftness                Air            2%         N/A       45%         3
 Flame Wave               Conj/Fire      11%        2d6       50%         4
 Fireball                 Conj/Fire      5%         3d5       85%         5
 Starburst                Conj/Fire      5%         6d4       100%        6
 Chain Lightning          Conj/Air       2%         3d3       100%        9


Dungeon Overview and Level Annotations

Branches:
Dungeon (3/15)

Altars:

Shops:
D:2 [*

Annotations:
D:3 Robin


Innate Abilities, Weirdness & Mutations

You have large cloven feet.
Your demonic aura sometimes causes spilled blood to erupt in flames.


Message History

You kill the goblin!
The goblin closely misses you. The goblin hits you but does no damage.
Unknown command.
Casting: Scorch (safe; 6% risk of failure)
Confirm with . or Enter, or press ? or * to list all spells.
You conjure some foxfire!
The goblin misses you. The goblin barely misses you.
Casting: Foxfire (safe; 6% risk of failure)
Confirm with . or Enter, or press ? or * to list all spells.
You conjure some foxfire!
The foxfire hits the goblin.
You kill the goblin!
The foxfire hits the goblin.
The goblin is severely wounded.
The goblin hits you with a +0 dagger.
Casting: Foxfire (safe; 6% risk of failure)
Confirm with . or Enter, or press ? or * to list all spells.
Okay, then.
The foxfire hits the goblin.
You kill the goblin!
Your foxfire dissipates!
HP restored.
Magic restored.
Done exploring.
There is a stone staircase leading down here.
Things that are here:
a +0 dagger; a goblin corpse
There is a stone staircase leading down here.
You climb downwards.
Level annotation: Robin The hobgoblin misses you.
The goblin hits you with a +0 dagger. x3
Robin roars a battlecry!
The goblins go into a battle-frenzy!
The hobgoblin misses you. The goblin hits you but does no damage.
The goblin hits you with a +0 dagger. x2
There is a stone staircase leading up, spattered with blood here.
The hobgoblin hits you. The goblin hits you with a +0 dagger.
* * * LOW HITPOINT WARNING * * *
The goblin hits you with a +0 dagger.
* * * LOW HITPOINT WARNING * * *
The goblin hits you with a +0 dagger.
You die...

............
..........#
........)#
...g....#
###.......#
#....)....#
###...ggg...#
#.....g@#
#.#..$### #..
#. #


You could see Robin, a hobgoblin (strong) and 3 goblins.

Vanquished Creatures
  2 adders (D:2)
  2 worms (D:2)
  4 endoplasms
  A giant cockroach (D:1)
  5 goblins
  2 hobgoblins (D:2)
  3 jackals (D:1)
  2 quokkas
  2 ball pythons (D:1)
  2 frilled lizards
  3 kobolds (D:2)
  4 rats
32 creatures vanquished.

Vanquished Creatures (others)
  97 foxfires
97 creatures vanquished.

Grand Total: 129 creatures vanquished

Notes
Turn   | Place    | Note
-------+----------+-------------------------------------------
     0 | D:1      | funkygono the Demonspawn Fire Elementalist began the quest
                  | for the Orb.
     0 | D:1      | Reached XP level 1. HP: 13/13 MP: 3/3
   158 | D:1      | Reached skill level 3 in Fire Magic
   303 | D:1      | Gained mutation: Your demonic aura sometimes causes spilled
                  | blood to erupt in flames. [demonic ancestry]
   303 | D:1      | Reached XP level 2. HP: 19/19 MP: 3/5
   306 | D:1      | Learned a level 2 spell: Scorch
   505 | D:1      | Got the Omnibus of Thunder
  1207 | D:2      | Found a faded altar of an unknown god.
  1397 | D:2      | Found Varghut's Antique Armour Boutique.
  1440 | D:2      | Gained mutation: You have large cloven feet. [demonic
                  | ancestry]
  1440 | D:2      | Reached XP level 3. HP: 21/24 MP: 2/6
  1663 | D:2      | Found Ysithrou's General Store.
  1957 | D:3      | Noticed Robin
  2067 | D:3      | Slain by a goblin

Illustrated notes

Levels and vault maps discovered:
D:1:      co_arrival_square_in_a_square_in_a_square, layout_loops_cross,
          bh_walls_and_bars
D:2:      layout_basic, serial_shops, nicolae_shop_statue_plus, shop,
          shapermc_ecumenical_altar_venn
D:3:      layout_basic, demons_altar, serial_aquarium, aquarium_bridge_straight
          [aquarium_subvault_bridge, aquarium_subvault_balcony,
          aquarium_subvault_bridge, aquarium_subvault_wall],
          aquarium_window_corner, aquarium_window_1, aquarium_view_2f,
          aquarium_view_2a, aquarium_pool_five, uniq_jessica, uniq_grinder,
          uniq_robin

Skill      XL: |  1  2  3 |
---------------+----------+-----
Fire Magic     | 3 |  3.6
Dodging        | 2 |  2.0
Fighting       | |  0.1
Stealth        | |  1.7
Spellcasting   | |  2.3
Conjurations   | |  1.7

Action                   || total
-------------------------++-------
 Cast: Foxfire           ||    54
       Scorch            ||     5
Armor: Robe              ||     4
Dodge: Dodged            ||    28

Table legend: (Time is in decaauts)
 A = Elapsed time spent in this place.
 B = Non-inter-level travel time spent in this place.
 C = Inter-level travel time spent in this place.
 D = Time resting spent in this place.
 E = Time spent auto-exploring this place.
 F = Levels seen in this place.
 G = Mean time per level.
                   A        B        C        D        E       F      G
               +--------+--------+--------+--------+--------+-----+--------+
         Total |   2068 |   2004 |     64 |      0 |   1746 |   3 |  689.3 |
       Dungeon |   2068 |   2004 |     64 |      0 |   1746 |   3 |  689.3 |
               +--------+--------+--------+--------+--------+-----+--------+

Top non-repeatable levels by time:
     D:1: 1044 daAuts
     D:2: 1016 daAuts
     D:3: 7 daAuts
